[ AOE2 MATCH · #464123712 ]
Team RMEthiopians vs Chinese
Player's team · LOSS
[ REPLAY ANALYSIS · EXTRACTED FROM THE RECORDED GAME ]
Feudal
16:12
Castle
45:51
Imperial
—
| APM avg | 5.8 |
| APM peak | 32 |
| eAPM avg | 4.7 |
| Villagers / military | 52 / 0 |
Focus
⚔️ 19.9% · 🌾 80.1%
Feudal
11:06
Castle
23:18
Imperial
39:36
| APM avg | 11.7 |
| APM peak | 77 |
| eAPM avg | 9.9 |
| Villagers / military | 68 / 198 |
Focus
⚔️ 47.0% · 🌾 53.0%
Militia ×79 · Longbowman ×58 · Archer ×31 · Skirmisher ×18 · Trade Cart ×18 · Cavalry Archer ×7
Feudal
12:26
Castle
21:38
Imperial
37:14
| APM avg | 10.9 |
| APM peak | 62 |
| eAPM avg | 9.1 |
| Villagers / military | 92 / 182 |
Focus
⚔️ 49.5% · 🌾 50.5%
Eagle Scout ×104 · Skirmisher ×40 · Plumed Archer ×35 · Mangonel ×2 · Monk ×1
Feudal
22:54
Castle
55:27
Imperial
—
| APM avg | 6.5 |
| APM peak | 18 |
| eAPM avg | 5.2 |
| Villagers / military | 54 / 94 |
Focus
⚔️ 32.5% · 🌾 67.5%
Archer ×39 · Militia ×26 · Skirmisher ×12 · Scout Cavalry ×11 · Spearman ×6
Feudal
14:39
Castle
26:38
Imperial
36:47
| APM avg | 13.6 |
| APM peak | 48 |
| eAPM avg | 10.9 |
| Villagers / military | 81 / 147 |
Focus
⚔️ 36.9% · 🌾 63.1%
Militia ×92 · Mangonel ×32 · Centurion ×14 · Fishing Ship ×13 · Trade Cart ×7 · Scorpion ×6
Feudal
15:16
Castle
28:13
Imperial
43:45
| APM avg | 10.8 |
| APM peak | 68 |
| eAPM avg | 9.3 |
| Villagers / military | 74 / 95 |
Focus
⚔️ 36.1% · 🌾 63.9%
Ballista Elephant ×72 · Militia ×11 · Archer ×7 · Trebuchet (Packed) ×3 · Monk ×1 · Knight ×1
Feudal
—
Castle
—
Imperial
—
| APM avg | 25.2 |
| APM peak | 283 |
| eAPM avg | 24.4 |
| Villagers / military | 61 / 81 |
Focus
⚔️ 5.9% · 🌾 94.1%
Archer ×26 · Skirmisher ×16 · Cavalry Archer ×16 · Camel Scout ×12 · Trade Cart ×5 · Janissary ×3
Feudal
12:37
Castle
20:33
Imperial
34:02
| APM avg | 8.5 |
| APM peak | 57 |
| eAPM avg | 7.6 |
| Villagers / military | 95 / 74 |
Focus
⚔️ 26.7% · 🌾 73.3%
Chu Ko Nu ×39 · Iron Pagoda ×32 · Trade Cart ×10 · Trebuchet (Packed) ×2 · Monk ×1
Match map
Initial resources + every placement click. Lines = walls · curves = elevation contours. ◆ gold · ⬟ stone · ● berries · ✦ relic · ◌ wall gap
Your base· ✓ Closed at 45:51 · 62t walls · 2 gate(s)
chrisdalton2's base· ✓ Closed at 23:18 · 0t walls · no gate
Mr:YOX's base· ✓ Closed at 21:38 · 26t walls · 1 gate(s)
non-offensive-name's base· ✓ Closed at 55:27 · 101t walls · 6 gate(s)
Malakay's base· ✓ Closed at 26:38 · 32t walls · 1 gate(s)
Don dada's base· ✓ Closed at 28:13 · 50t walls · no gate
WashedJuggler66's base· ✓ Closed at 25:33 · 39t walls · no gate
Sandra's base· ✓ Closed at 20:33 · 0t walls · no gate
Smoothed initial terrain · ◌ = detected wall gap · hover for details
Inputs per minute
— Wilchester - - chrisdalton2
Build order — Wilchester
131 actions detected in the replay
| 0:22 | Research | Loom |
| 0:22 | Create | Villager (Male) |
| 0:22 | Create | Villager (Male) |
| 0:23 | Create | Villager (Male) |
| 0:23 | Create | Villager (Male) |
| 0:23 | Create | Villager (Male) |
| 0:23 | Create | Villager (Male) |
| 1:10 | Build | Palisade Wall |
| 2:52 | Build | Palisade Wall |
| 3:36 | Build | Palisade Wall |
| 3:48 | Build | House |
| 3:55 | Build | House |
| 4:50 | Build | Outpost |
| 4:58 | Create | Villager (Male) |
| 4:58 | Create | Villager (Male) |
| 5:00 | Create | Villager (Male) |
| 5:16 | Build | House |
| 6:00 | Build | Palisade Gate |
| 6:18 | Create | Villager (Male) |
| 6:19 | Create | Villager (Male) |
| 6:19 | Create | Villager (Male) |
| 7:02 | Build | House |
| 9:15 | Build | Mill |
| 10:16 | Build | Lumber Camp |
| 11:26 | Create | Villager (Male) |
| 11:26 | Create | Villager (Male) |
| 11:26 | Create | Villager (Male) |
| 12:31 | Create | Villager (Male) |
| 13:28 | Build | Barracks |
| 14:02 | Research | Feudal Age |
| 16:04 | Build | Mining Camp |
| 16:12 | Age | Feudal Age |
| 16:13 | Research | Double-Bit Axe |
| 16:15 | Create | Villager (Male) |
| 16:15 | Create | Villager (Male) |
| 16:16 | Create | Villager (Male) |
| 16:17 | Create | Villager (Male) |
| 16:18 | Create | Villager (Male) |
| 16:21 | Research | Horse Collar |
| 17:39 | Create | Villager (Male) |
| 18:46 | Research | Town Watch |
| 19:15 | Create | Villager (Male) |
| 19:16 | Create | Villager (Male) |
| 19:16 | Create | Villager (Male) |
| 19:54 | Research | Gold Mining |
| 20:23 | Build | Market |
| 20:53 | Create | Villager (Male) |
| 20:54 | Create | Villager (Male) |
| 20:54 | Create | Villager (Male) |
| 20:58 | Build | House |
| 21:20 | Create | Villager (Male) |
| 21:20 | Create | Villager (Male) |
| 21:56 | Build | Mining Camp |
| 22:46 | Build | Blacksmith |
| 23:07 | Build | Watch Tower |
| 23:30 | Build | House |
| 23:32 | Build | House |
| 23:34 | Build | House |
| 24:01 | Research | Fletching |
| 24:19 | Build | Farm |
| 24:27 | Build | Farm |
| 24:29 | Build | Farm |
| 24:41 | Build | Mining Camp |
| 25:25 | Build | Farm |
| 25:26 | Build | Farm |
| 25:41 | Create | Villager (Male) |
| 25:41 | Create | Villager (Male) |
| 25:41 | Create | Villager (Male) |
| 25:41 | Create | Villager (Male) |
| 25:42 | Create | Villager (Male) |
| 25:56 | Build | Farm |
| 25:58 | Build | Farm |
| 25:59 | Build | Farm |
| 26:37 | Build | Farm |
| 26:44 | Build | Farm |
| 26:45 | Build | Farm |
| 27:00 | Build | Watch Tower |
| 27:31 | Build | Farm |
| 27:34 | Build | Farm |
| 28:16 | Build | Farm |
| 28:19 | Create | Villager (Male) |
| 28:20 | Create | Villager (Male) |
| 28:39 | Build | Stone Wall |
| 28:46 | Build | Gate |
| 28:56 | Build | Farm |
| 29:29 | Create | Villager (Male) |
| 29:30 | Create | Villager (Male) |
| 29:30 | Create | Villager (Male) |
| 30:00 | Build | Watch Tower |
| 33:41 | Research | Castle Age |
| 34:20 | Build | Mining Camp |
| 35:10 | Build | Watch Tower |
| 37:12 | Build | Watch Tower |
| 37:45 | Build | Watch Tower |
| 39:59 | Build | Town Center |
| 40:57 | Research | Wheelbarrow |
| 43:11 | Research | Castle Age |
| 45:51 | Age | Castle Age |
| 46:01 | Research | Hand Cart |
| 47:02 | Research | Town Patrol |
| 48:15 | Create | Villager (Male) |
| 48:15 | Create | Villager (Male) |
| 50:12 | Build | Blacksmith |
| 50:55 | Build | House |
| 51:01 | Research | Bodkin Arrow |
| 51:24 | Build | Lumber Camp |
| 51:39 | Research | Bow Saw |
| 52:18 | Create | Villager (Male) |
| 52:18 | Create | Villager (Male) |
| 52:19 | Create | Villager (Male) |
| 52:19 | Create | Villager (Male) |
| 52:19 | Create | Villager (Male) |
| 56:07 | Build | House |
| 56:08 | Build | House |
| 56:53 | Build | Market |
| 56:58 | Build | House |
| 57:06 | Create | Villager (Male) |
| 57:07 | Create | Villager (Male) |
| 57:07 | Create | Villager (Male) |
| 57:07 | Create | Villager (Male) |
| 57:07 | Create | Villager (Male) |
| 58:11 | Build | University |
| 59:12 | Research | Ballistics |
| 59:18 | Build | House |
| 59:42 | Build | House |
| 59:43 | Build | House |
| 60:19 | Research | Murder Holes |
| 60:34 | Build | House |
| 60:35 | Build | House |
| 60:53 | Research | Masonry |
| 61:33 | Build | Lumber Camp |
Build order — chrisdalton2
First 150 of 400 actions detected
| 0:08 | Build | House |
| 0:10 | Build | House |
| 0:12 | Create | Villager (Male) |
| 0:12 | Create | Villager (Male) |
| 0:12 | Create | Villager (Male) |
| 0:13 | Create | Villager (Male) |
| 2:05 | Create | Villager (Male) |
| 2:05 | Create | Villager (Male) |
| 2:06 | Create | Villager (Male) |
| 3:16 | Create | Villager (Male) |
| 3:16 | Create | Villager (Male) |
| 3:16 | Create | Villager (Male) |
| 3:27 | Build | Mill |
| 4:50 | Create | Villager (Male) |
| 4:50 | Create | Villager (Male) |
| 4:50 | Create | Villager (Male) |
| 4:51 | Create | Villager (Male) |
| 5:04 | Build | House |
| 5:05 | Build | House |
| 6:14 | Create | Villager (Male) |
| 6:18 | Create | Villager (Male) |
| 6:20 | Create | Villager (Male) |
| 7:46 | Build | Lumber Camp |
| 8:10 | Create | Villager (Male) |
| 8:36 | Build | Mining Camp |
| 8:56 | Research | Feudal Age |
| 9:42 | Create | Villager (Male) |
| 9:43 | Create | Villager (Male) |
| 11:06 | Age | Feudal Age |
| 11:08 | Research | Double-Bit Axe |
| 11:11 | Research | Wheelbarrow |
| 11:28 | Research | Horse Collar |
| 12:33 | Create | Villager (Male) |
| 12:33 | Create | Villager (Male) |
| 12:34 | Create | Villager (Male) |
| 13:09 | Build | Market |
| 13:21 | Build | Farm |
| 13:22 | Build | Farm |
| 13:23 | Build | Farm |
| 13:24 | Build | Farm |
| 13:29 | Build | Farm |
| 13:34 | Build | Farm |
| 13:35 | Build | Farm |
| 13:43 | Build | Farm |
| 13:44 | Build | Farm |
| 13:46 | Create | Villager (Male) |
| 13:47 | Create | Villager (Male) |
| 13:51 | Build | Farm |
| 14:01 | Build | House |
| 14:39 | Build | House |
| 14:40 | Build | House |
| 14:43 | Build | House |
| 14:44 | Build | House |
| 14:45 | Build | House |
| 14:48 | Build | House |
| 14:49 | Build | House |
| 15:00 | Build | Farm |
| 15:06 | Create | Villager (Male) |
| 15:06 | Create | Villager (Male) |
| 15:09 | Create | Villager (Male) |
| 15:18 | Create | Trade Cart |
| 15:41 | Build | Farm |
| 15:51 | Research | Gold Mining |
| 16:05 | Build | Farm |
| 16:27 | Build | Farm |
| 16:28 | Create | Villager (Male) |
| 16:29 | Create | Villager (Male) |
| 16:29 | Create | Villager (Male) |
| 17:13 | Build | Farm |
| 17:28 | Build | Farm |
| 18:00 | Build | Farm |
| 18:08 | Create | Villager (Male) |
| 18:08 | Create | Villager (Male) |
| 18:08 | Create | Villager (Male) |
| 18:09 | Create | Villager (Male) |
| 18:09 | Create | Villager (Male) |
| 18:09 | Create | Villager (Male) |
| 18:10 | Create | Villager (Male) |
| 18:39 | Build | Blacksmith |
| 19:02 | Build | Farm |
| 19:31 | Build | Mining Camp |
| 19:43 | Build | Farm |
| 19:47 | Build | Farm |
| 19:59 | Build | Farm |
| 20:06 | Research | Castle Age |
| 20:42 | Build | Barracks |
| 20:47 | Build | Barracks |
| 20:49 | Build | Barracks |
| 20:54 | Build | Barracks |
| 21:28 | Research | Stone Mining |
| 22:11 | Research | Man-at-Arms (upgrade) |
| 22:11 | Create | Militia |
| 22:12 | Create | Militia |
| 22:12 | Create | Militia |
| 22:12 | Create | Militia |
| 22:12 | Create | Militia |
| 22:13 | Create | Militia |
| 22:13 | Create | Militia |
| 22:13 | Create | Militia |
| 22:13 | Create | Militia |
| 22:14 | Create | Militia |
| 22:14 | Create | Militia |
| 22:14 | Create | Militia |
| 22:15 | Create | Militia |
| 22:15 | Create | Militia |
| 23:18 | Create | Militia |
| 23:18 | Age | Castle Age |
| 23:18 | Create | Militia |
| 23:18 | Create | Militia |
| 23:18 | Create | Militia |
| 23:19 | Create | Militia |
| 23:19 | Create | Militia |
| 23:19 | Create | Militia |
| 23:19 | Create | Militia |
| 23:20 | Create | Militia |
| 23:20 | Create | Militia |
| 23:20 | Create | Militia |
| 23:21 | Create | Militia |
| 23:22 | Research | Long Swordsman (upgrade) |
| 23:25 | Research | Squires |
| 23:26 | Research | Arson |
| 23:50 | Research | Gambesons |
| 24:06 | Build | Archery Range |
| 24:08 | Build | Archery Range |
| 24:10 | Build | Archery Range |
| 24:13 | Build | Archery Range |
| 25:02 | Research | Hand Cart |
| 25:22 | Research | Heavy Plow |
| 25:25 | Research | Bow Saw |
| 25:30 | Research | Gold Shaft Mining |
| 26:05 | Build | Town Center |
| 26:18 | Research | Forging |
| 26:19 | Research | Scale Mail Armor |
| 27:07 | Research | Crossbowman (upgrade) |
| 27:19 | Create | Villager (Male) |
| 27:20 | Create | Villager (Male) |
| 27:20 | Create | Villager (Male) |
| 27:21 | Create | Villager (Male) |
| 27:22 | Create | Villager (Male) |
| 27:22 | Create | Villager (Male) |
| 27:22 | Create | Villager (Male) |
| 30:51 | Build | Farm |
| 31:15 | Build | Mining Camp |
| 31:18 | Create | Villager (Male) |
| 31:18 | Create | Villager (Male) |
| 31:18 | Create | Villager (Male) |
| 31:19 | Create | Villager (Male) |
| 31:20 | Create | Villager (Male) |
| 31:21 | Create | Villager (Male) |
| 31:21 | Create | Villager (Male) |
Build order — Mr:YOX
First 150 of 426 actions detected
| 0:02 | Create | Villager (Male) |
| 0:04 | Research | Loom |
| 0:15 | Build | House |
| 0:17 | Build | House |
| 0:33 | Create | Villager (Male) |
| 0:33 | Create | Villager (Male) |
| 0:33 | Create | Villager (Male) |
| 1:13 | Build | Palisade Wall |
| 1:50 | Build | Palisade Gate |
| 2:04 | Build | House |
| 2:07 | Build | House |
| 2:46 | Create | Villager (Male) |
| 3:19 | Create | Villager (Male) |
| 3:48 | Create | Villager (Male) |
| 4:21 | Create | Villager (Male) |
| 4:41 | Create | Villager (Male) |
| 5:04 | Create | Villager (Male) |
| 5:14 | Create | Villager (Male) |
| 5:51 | Create | Villager (Male) |
| 6:14 | Build | Mill |
| 6:16 | Create | Villager (Male) |
| 6:40 | Create | Villager (Male) |
| 6:44 | Create | Villager (Male) |
| 7:00 | Create | Villager (Male) |
| 7:23 | Create | Villager (Male) |
| 7:28 | Create | Villager (Male) |
| 7:36 | Create | Villager (Male) |
| 8:17 | Build | Lumber Camp |
| 8:47 | Create | Villager (Male) |
| 8:47 | Create | Villager (Male) |
| 10:16 | Research | Feudal Age |
| 12:26 | Age | Feudal Age |
| 12:27 | Research | Wheelbarrow |
| 12:33 | Build | House |
| 12:36 | Build | House |
| 12:44 | Create | Villager (Male) |
| 12:44 | Create | Villager (Male) |
| 12:44 | Create | Villager (Male) |
| 13:11 | Build | Mill |
| 13:23 | Build | Gate |
| 13:29 | Build | Stone Wall |
| 13:35 | Build | Stone Wall |
| 14:16 | Build | Mining Camp |
| 14:57 | Build | Market |
| 15:11 | Build | Blacksmith |
| 15:15 | Create | Villager (Male) |
| 15:16 | Create | Villager (Male) |
| 15:17 | Create | Villager (Male) |
| 15:17 | Create | Villager (Male) |
| 16:12 | Create | Villager (Male) |
| 16:13 | Create | Villager (Male) |
| 16:38 | Build | House |
| 16:39 | Build | House |
| 16:45 | Build | House |
| 16:48 | Build | House |
| 17:15 | Create | Villager (Male) |
| 17:26 | Build | Mining Camp |
| 18:11 | Build | Outpost |
| 18:58 | Research | Castle Age |
| 19:05 | Build | Farm |
| 19:07 | Build | Farm |
| 19:14 | Build | Farm |
| 19:16 | Build | Farm |
| 19:18 | Build | Farm |
| 19:20 | Build | Farm |
| 19:22 | Build | Farm |
| 19:23 | Build | Farm |
| 19:28 | Research | Double-Bit Axe |
| 19:29 | Research | Horse Collar |
| 19:32 | Research | Stone Mining |
| 19:47 | Build | House |
| 20:14 | Build | House |
| 20:33 | Build | House |
| 20:34 | Build | House |
| 20:36 | Build | House |
| 20:54 | Research | Gold Mining |
| 21:34 | Build | House |
| 21:36 | Build | House |
| 21:38 | Age | Castle Age |
| 21:45 | Create | Villager (Male) |
| 21:45 | Create | Villager (Male) |
| 21:46 | Create | Villager (Male) |
| 21:46 | Create | Villager (Male) |
| 21:46 | Create | Villager (Male) |
| 22:29 | Build | Stone Wall |
| 22:52 | Research | Bow Saw |
| 22:55 | Research | Heavy Plow |
| 23:06 | Build | Gate |
| 23:51 | Build | Town Center |
| 23:57 | Build | Farm |
| 24:00 | Build | Farm |
| 24:02 | Build | Farm |
| 24:04 | Build | Farm |
| 24:06 | Build | Farm |
| 24:12 | Create | Villager (Male) |
| 24:13 | Create | Villager (Male) |
| 24:13 | Create | Villager (Male) |
| 24:13 | Create | Villager (Male) |
| 24:43 | Build | Farm |
| 25:08 | Build | Farm |
| 25:35 | Build | Farm |
| 25:46 | Build | Town Center |
| 25:56 | Create | Villager (Male) |
| 25:56 | Create | Villager (Male) |
| 25:57 | Create | Villager (Male) |
| 25:57 | Create | Villager (Male) |
| 25:57 | Create | Villager (Male) |
| 25:58 | Create | Villager (Male) |
| 26:29 | Research | Stone Shaft Mining |
| 26:35 | Research | Fletching |
| 27:29 | Build | University |
| 27:36 | Create | Villager (Male) |
| 27:36 | Create | Villager (Male) |
| 27:37 | Create | Villager (Male) |
| 27:37 | Create | Villager (Male) |
| 27:37 | Create | Villager (Male) |
| 27:37 | Create | Villager (Male) |
| 27:38 | Create | Villager (Male) |
| 27:39 | Create | Villager (Male) |
| 27:40 | Create | Villager (Male) |
| 28:02 | Build | Castle |
| 28:13 | Research | Bodkin Arrow |
| 28:35 | Build | House |
| 28:36 | Build | House |
| 28:53 | Create | Villager (Male) |
| 28:54 | Create | Villager (Male) |
| 28:54 | Create | Villager (Male) |
| 28:54 | Create | Villager (Male) |
| 28:54 | Create | Villager (Male) |
| 28:55 | Create | Villager (Male) |
| 29:07 | Build | Barracks |
| 29:12 | Research | Treadmill Crane |
| 29:22 | Research | Fortified Wall (upgrade) |
| 29:29 | Research | Ballistics |
| 29:37 | Build | Barracks |
| 29:43 | Build | Barracks |
| 29:46 | Build | Barracks |
| 29:49 | Build | Barracks |
| 29:55 | Create | Villager (Male) |
| 29:56 | Create | Villager (Male) |
| 29:56 | Create | Villager (Male) |
| 30:28 | Create | Villager (Male) |
| 30:28 | Create | Villager (Male) |
| 30:29 | Create | Villager (Male) |
| 30:45 | Create | Villager (Male) |
| 30:45 | Create | Villager (Male) |
| 30:46 | Create | Villager (Male) |
| 30:59 | Build | Farm |
| 31:02 | Build | Farm |
| 31:06 | Build | Farm |
Build order — non-offensive-name
First 150 of 190 actions detected
| 0:14 | Build | House |
| 0:17 | Create | Villager (Male) |
| 0:18 | Research | Loom |
| 0:18 | Create | Villager (Male) ×3 |
| 1:07 | Build | House |
| 1:08 | Build | House |
| 1:11 | Build | House |
| 5:29 | Create | Villager (Male) ×2 |
| 5:53 | Build | Dock |
| 6:11 | Build | House |
| 6:14 | Build | House |
| 6:15 | Build | House |
| 6:16 | Build | House |
| 6:53 | Build | House |
| 7:20 | Build | House |
| 7:24 | Build | House |
| 7:27 | Build | House |
| 7:43 | Create | Villager (Male) ×2 |
| 8:40 | Create | Villager (Male) ×2 |
| 10:53 | Build | Mill |
| 11:15 | Build | Mill |
| 11:18 | Create | Villager (Male) ×5 |
| 11:19 | Create | Villager (Male) ×2 |
| 11:40 | Build | Lumber Camp |
| 13:52 | Create | Villager (Male) ×5 |
| 17:33 | Build | Mining Camp |
| 17:40 | Build | Mining Camp |
| 19:16 | Create | Villager (Male) |
| 19:17 | Create | Villager (Male) |
| 20:44 | Research | Feudal Age |
| 21:41 | Build | Barracks |
| 21:42 | Build | Barracks |
| 21:46 | Build | Barracks |
| 22:07 | Build | Palisade Wall |
| 22:11 | Build | Palisade Gate |
| 22:54 | Age | Feudal Age |
| 22:58 | Research | Man-at-Arms (upgrade) |
| 22:59 | Research | Arson |
| 23:44 | Build | Archery Range |
| 23:47 | Build | Archery Range |
| 23:51 | Build | Archery Range |
| 24:05 | Create | Militia ×5 |
| 24:05 | Create | Militia ×2 |
| 24:16 | Build | Gate |
| 24:22 | Build | Stone Wall |
| 24:24 | Build | Stone Wall |
| 24:44 | Create | Archer ×5 |
| 25:27 | Create | Archer |
| 25:27 | Create | Archer |
| 27:10 | Create | Archer ×3 |
| 27:13 | Create | Skirmisher ×5 |
| 27:15 | Create | Skirmisher ×5 |
| 27:18 | Create | Spearman ×5 |
| 27:19 | Create | Spearman |
| 28:17 | Build | House |
| 28:18 | Build | House |
| 28:19 | Build | House |
| 28:21 | Build | House |
| 28:22 | Build | House |
| 28:23 | Build | House |
| 28:39 | Build | Blacksmith |
| 28:40 | Build | Blacksmith |
| 28:46 | Build | Stable |
| 28:48 | Build | Stable |
| 28:50 | Build | Stable |
| 28:59 | Research | Wheelbarrow |
| 31:07 | Create | Archer ×5 |
| 31:12 | Create | Archer |
| 31:42 | Create | Villager (Male) ×5 |
| 31:51 | Research | Horse Collar |
| 32:40 | Research | Double-Bit Axe |
| 32:47 | Build | Farm |
| 32:50 | Build | Farm |
| 32:52 | Build | Farm |
| 32:53 | Build | Farm |
| 32:58 | Build | Farm |
| 33:00 | Build | Farm |
| 33:06 | Build | Farm |
| 33:07 | Build | Farm |
| 33:19 | Build | Farm |
| 33:27 | Create | Villager (Male) ×2 |
| 34:00 | Build | House |
| 34:02 | Build | House |
| 34:07 | Build | House |
| 34:08 | Build | House |
| 34:10 | Build | House |
| 34:11 | Build | House |
| 34:54 | Build | Market |
| 34:55 | Build | Market |
| 35:25 | Build | Market |
| 36:01 | Build | Mining Camp |
| 36:40 | Build | Farm |
| 36:43 | Build | Farm |
| 36:44 | Build | Farm |
| 37:30 | Build | Gate |
| 37:36 | Build | Stone Wall |
| 37:38 | Build | Stone Wall |
| 37:56 | Build | Mining Camp |
| 38:08 | Research | Scale Barding Armor |
| 38:26 | Build | Farm |
| 38:28 | Build | Farm |
| 38:30 | Build | Farm |
| 39:39 | Create | Villager (Male) ×5 |
| 39:39 | Create | Villager (Male) |
| 39:39 | Create | Villager (Male) |
| 40:01 | Build | Gate |
| 40:08 | Build | Stone Wall |
| 40:10 | Build | Stone Wall |
| 40:21 | Build | House |
| 40:22 | Build | House |
| 40:23 | Build | House |
| 40:24 | Build | House |
| 40:50 | Research | Forging |
| 40:50 | Research | Fletching |
| 40:51 | Research | Padded Archer Armor |
| 41:31 | Research | Scale Mail Armor |
| 41:49 | Create | Villager (Male) ×2 |
| 42:01 | Build | Farm |
| 42:02 | Build | Farm |
| 42:04 | Build | Farm |
| 42:18 | Build | Market |
| 43:11 | Create | Villager (Male) ×5 |
| 43:16 | Create | Villager (Male) ×3 |
| 43:28 | Build | Stable |
| 43:29 | Build | Stable |
| 43:37 | Build | Archery Range |
| 43:38 | Build | Archery Range |
| 43:44 | Build | Barracks |
| 43:45 | Build | Barracks |
| 44:33 | Research | Stone Mining |
| 44:34 | Research | Gold Mining |
| 44:47 | Build | Lumber Camp |
| 44:53 | Create | Villager (Male) ×5 |
| 44:53 | Create | Villager (Male) |
| 45:48 | Build | House |
| 45:50 | Build | House |
| 45:50 | Build | House |
| 45:52 | Build | House |
| 45:54 | Build | House |
| 45:56 | Build | House |
| 45:58 | Build | House |
| 46:00 | Build | House |
| 46:04 | Build | House |
| 46:07 | Build | House |
| 46:09 | Build | House |
| 46:12 | Build | House |
| 46:15 | Build | House |
| 46:20 | Build | House |
| 46:22 | Build | House |
| 46:31 | Build | House |
Build order — Malakay
First 150 of 423 actions detected
| 0:03 | Create | Villager (Male) |
| 0:03 | Create | Villager (Male) |
| 0:04 | Create | Villager (Male) |
| 0:04 | Create | Villager (Male) |
| 0:17 | Research | Loom |
| 1:17 | Create | Villager (Male) |
| 1:18 | Create | Villager (Male) |
| 1:18 | Create | Villager (Male) |
| 1:25 | Build | House |
| 1:27 | Build | House |
| 1:30 | Build | House |
| 2:27 | Build | Mill |
| 2:49 | Create | Villager (Male) |
| 3:25 | Create | Villager (Male) |
| 3:53 | Create | Villager (Male) |
| 4:34 | Create | Villager (Male) |
| 4:34 | Create | Villager (Male) |
| 5:03 | Create | Villager (Male) |
| 5:22 | Build | Lumber Camp |
| 5:28 | Create | Villager (Male) |
| 5:54 | Create | Villager (Male) |
| 6:15 | Create | Villager (Male) |
| 6:40 | Create | Villager (Male) |
| 7:11 | Build | Dock |
| 7:26 | Create | Villager (Male) |
| 7:27 | Create | Villager (Male) |
| 7:56 | Create | Villager (Male) |
| 7:56 | Create | Villager (Male) |
| 8:29 | Create | Villager (Male) |
| 8:43 | Create | Fishing Ship |
| 8:45 | Create | Fishing Ship |
| 8:57 | Build | House |
| 8:59 | Build | House |
| 9:00 | Build | House |
| 9:07 | Create | Villager (Male) |
| 9:35 | Create | Fishing Ship |
| 10:05 | Create | Villager (Male) |
| 10:30 | Create | Villager (Male) |
| 10:49 | Create | Fishing Ship |
| 10:55 | Create | Villager (Male) |
| 10:55 | Create | Villager (Male) |
| 12:30 | Research | Feudal Age |
| 13:15 | Build | Palisade Wall |
| 13:20 | Build | Palisade Gate |
| 13:36 | Build | Mining Camp |
| 13:41 | Create | Villager (Male) |
| 13:42 | Create | Villager (Male) |
| 14:39 | Age | Feudal Age |
| 14:51 | Research | Horse Collar |
| 14:54 | Research | Double-Bit Axe |
| 14:58 | Research | Gold Mining |
| 15:16 | Build | Farm |
| 15:17 | Build | Farm |
| 15:18 | Build | Farm |
| 15:19 | Build | Farm |
| 15:20 | Build | Farm |
| 15:21 | Build | Farm |
| 15:22 | Build | Farm |
| 15:27 | Research | Wheelbarrow |
| 15:36 | Build | Mining Camp |
| 15:46 | Build | Mill |
| 15:57 | Build | Stone Wall |
| 16:00 | Build | Gate |
| 16:12 | Create | Villager (Male) |
| 16:12 | Create | Villager (Male) |
| 16:25 | Build | House |
| 16:27 | Build | House |
| 16:28 | Build | House |
| 16:29 | Build | House |
| 16:30 | Build | House |
| 16:45 | Build | Market |
| 16:52 | Create | Villager (Male) |
| 16:52 | Create | Villager (Male) |
| 17:43 | Research | Stone Mining |
| 18:10 | Create | Villager (Male) |
| 18:10 | Create | Villager (Male) |
| 18:11 | Create | Villager (Male) |
| 18:33 | Build | House |
| 18:34 | Build | House |
| 18:35 | Build | House |
| 18:36 | Build | House |
| 18:37 | Build | House |
| 18:46 | Build | Farm |
| 18:49 | Create | Villager (Male) |
| 18:50 | Create | Villager (Male) |
| 19:11 | Build | Barracks |
| 19:47 | Research | Tech 906 |
| 19:54 | Build | Fish Trap |
| 20:01 | Build | Fish Trap |
| 20:10 | Build | Fish Trap |
| 20:14 | Build | Fish Trap |
| 20:40 | Create | Fishing Ship |
| 20:41 | Create | Fishing Ship |
| 20:52 | Build | Mining Camp |
| 20:55 | Create | Villager (Male) |
| 20:55 | Create | Villager (Male) |
| 20:55 | Create | Villager (Male) |
| 20:56 | Create | Villager (Male) |
| 21:01 | Build | Farm |
| 21:10 | Build | Barracks |
| 21:12 | Research | Man-at-Arms (upgrade) |
| 21:31 | Build | Farm |
| 21:38 | Build | Farm |
| 21:47 | Build | Fish Trap |
| 21:53 | Build | Farm |
| 21:59 | Create | Villager (Male) |
| 22:16 | Build | Fish Trap |
| 22:49 | Build | Lumber Camp |
| 22:55 | Create | Villager (Male) |
| 22:56 | Create | Villager (Male) |
| 23:13 | Build | Blacksmith |
| 23:23 | Build | Farm |
| 23:58 | Research | Castle Age |
| 24:22 | Build | Barracks |
| 24:28 | Build | Barracks |
| 24:44 | Research | Scale Mail Armor |
| 24:45 | Research | Forging |
| 24:51 | Create | Militia |
| 24:51 | Create | Militia |
| 24:52 | Create | Militia |
| 24:52 | Create | Militia |
| 24:52 | Create | Militia |
| 24:53 | Create | Militia |
| 24:53 | Create | Militia |
| 24:54 | Create | Militia |
| 24:54 | Create | Militia |
| 24:54 | Create | Militia |
| 24:55 | Create | Militia |
| 24:55 | Create | Militia |
| 25:03 | Create | Militia |
| 25:03 | Create | Militia |
| 25:04 | Create | Militia |
| 25:49 | Build | Barracks |
| 25:54 | Build | Barracks |
| 25:59 | Create | Militia |
| 26:00 | Create | Militia |
| 26:00 | Create | Militia |
| 26:00 | Create | Militia |
| 26:01 | Create | Militia |
| 26:09 | Create | Villager (Male) |
| 26:09 | Create | Villager (Male) |
| 26:10 | Create | Villager (Male) |
| 26:38 | Age | Castle Age |
| 26:39 | Research | Long Swordsman (upgrade) |
| 26:42 | Research | Chain Mail Armor |
| 26:44 | Research | Iron Casting |
| 27:01 | Build | Barracks |
| 27:19 | Create | Trade Cart |
| 27:20 | Create | Trade Cart |
| 27:20 | Create | Trade Cart |
Build order — Don dada
First 150 of 292 actions detected
| 0:05 | Build | House |
| 0:10 | Build | House |
| 0:12 | Create | Villager (Male) |
| 0:12 | Create | Villager (Male) |
| 0:13 | Create | Villager (Male) |
| 0:13 | Create | Villager (Male) |
| 0:13 | Create | Villager (Male) |
| 0:18 | Build | House |
| 1:04 | Build | Palisade Wall |
| 1:16 | Build | Palisade Wall |
| 1:41 | Research | Loom |
| 2:28 | Create | Villager (Male) |
| 2:29 | Create | Villager (Male) |
| 3:14 | Build | Mill |
| 3:20 | Create | Villager (Male) |
| 3:20 | Create | Villager (Male) |
| 3:50 | Create | Villager (Male) |
| 4:05 | Create | Villager (Male) |
| 4:24 | Create | Villager (Male) |
| 5:09 | Create | Villager (Male) |
| 5:10 | Create | Villager (Male) |
| 5:39 | Create | Villager (Male) |
| 5:40 | Create | Villager (Male) |
| 6:44 | Build | Lumber Camp |
| 6:58 | Create | Villager (Male) |
| 6:59 | Create | Villager (Male) |
| 7:02 | Create | Villager (Male) |
| 7:42 | Build | Mining Camp |
| 7:48 | Create | Villager (Male) |
| 7:49 | Create | Villager (Male) |
| 8:35 | Create | Villager (Male) |
| 10:48 | Build | Barracks |
| 11:51 | Build | House |
| 11:52 | Build | House |
| 11:54 | Build | House |
| 11:55 | Build | House |
| 11:57 | Build | House |
| 12:18 | Create | Villager (Male) |
| 12:51 | Build | House |
| 12:56 | Build | House |
| 13:06 | Research | Feudal Age |
| 13:40 | Build | Farm |
| 13:41 | Build | Farm |
| 13:43 | Build | Farm |
| 13:44 | Build | Farm |
| 13:46 | Build | Farm |
| 14:26 | Build | Mining Camp |
| 14:51 | Build | Farm |
| 15:09 | Create | Militia |
| 15:09 | Create | Militia |
| 15:10 | Create | Militia |
| 15:10 | Create | Militia |
| 15:10 | Create | Militia |
| 15:10 | Create | Militia |
| 15:16 | Age | Feudal Age |
| 15:31 | Build | Farm |
| 15:35 | Build | Farm |
| 15:53 | Build | Farm |
| 15:59 | Research | Man-at-Arms (upgrade) |
| 16:33 | Research | Horse Collar |
| 16:51 | Create | Villager (Male) |
| 17:22 | Build | Farm |
| 17:27 | Research | Double-Bit Axe |
| 17:42 | Create | Villager (Male) |
| 18:03 | Create | Villager (Male) |
| 18:03 | Create | Villager (Male) |
| 18:12 | Build | Farm |
| 18:40 | Build | Blacksmith |
| 18:57 | Research | Wheelbarrow |
| 19:21 | Research | Gold Mining |
| 19:47 | Create | Villager (Male) |
| 20:16 | Create | Villager (Male) |
| 20:18 | Create | Villager (Male) |
| 20:36 | Research | Scale Mail Armor |
| 20:47 | Build | Archery Range |
| 21:17 | Build | Market |
| 21:37 | Build | Farm |
| 21:57 | Build | Stone Wall |
| 23:27 | Research | Forging |
| 23:51 | Build | Stone Wall |
| 24:40 | Build | Stone Wall |
| 25:16 | Build | Stone Wall |
| 25:34 | Research | Castle Age |
| 25:39 | Research | Scale Barding Armor |
| 26:02 | Build | Stone Wall |
| 26:20 | Create | Archer |
| 26:20 | Create | Archer |
| 26:21 | Create | Archer |
| 26:21 | Create | Archer |
| 26:21 | Create | Archer |
| 26:21 | Create | Archer |
| 27:10 | Build | Stable |
| 27:18 | Research | Padded Archer Armor |
| 27:19 | Research | Fletching |
| 27:28 | Create | Militia |
| 27:28 | Create | Militia |
| 27:28 | Create | Militia |
| 27:29 | Create | Militia |
| 27:29 | Create | Militia |
| 27:37 | Create | Archer |
| 28:04 | Research | Town Watch |
| 28:13 | Age | Castle Age |
| 28:19 | Build | Castle |
| 28:30 | Research | Hand Cart |
| 29:16 | Research | Crossbowman (upgrade) |
| 29:28 | Create | Villager (Male) |
| 29:29 | Create | Villager (Male) |
| 32:05 | Create | Villager (Male) |
| 32:05 | Create | Villager (Male) |
| 32:05 | Create | Villager (Male) |
| 32:05 | Create | Villager (Male) |
| 33:10 | Build | Town Center |
| 33:22 | Create | Villager (Male) |
| 33:22 | Create | Villager (Male) |
| 33:22 | Create | Villager (Male) |
| 33:23 | Create | Villager (Male) |
| 34:18 | Research | Stone Mining |
| 34:21 | Research | Bow Saw |
| 34:34 | Research | Heavy Plow |
| 34:55 | Research | Gold Shaft Mining |
| 35:11 | Create | Villager (Male) |
| 35:12 | Create | Villager (Male) |
| 35:20 | Create | Villager (Male) |
| 35:30 | Build | Farm |
| 35:34 | Create | Villager (Male) |
| 35:56 | Build | Monastery |
| 36:13 | Create | Villager (Male) |
| 36:13 | Create | Villager (Male) |
| 36:27 | Research | Stone Shaft Mining |
| 36:35 | Build | Farm |
| 36:38 | Create | Villager (Male) |
| 36:46 | Build | Farm |
| 36:49 | Create | Monk |
| 37:03 | Build | University |
| 37:47 | Build | Farm |
| 37:53 | Build | Farm |
| 37:55 | Create | Villager (Male) |
| 37:55 | Create | Villager (Male) |
| 38:03 | Create | Villager (Male) |
| 38:03 | Create | Villager (Male) |
| 38:29 | Build | Mining Camp |
| 38:39 | Build | Farm |
| 38:45 | Create | Villager (Male) |
| 38:46 | Create | Villager (Male) |
| 39:01 | Create | Villager (Male) |
| 39:09 | Build | Lumber Camp |
| 39:24 | Build | Mining Camp |
| 39:43 | Create | Villager (Male) |
| 39:44 | Create | Villager (Male) |
| 40:30 | Research | Tusk Swords |
Build order — WashedJuggler66
First 150 of 506 actions detected
| 0:11 | Create | Villager (Male) ×4 |
| 0:11 | Create | Villager (Male) |
| 0:12 | Research | Loom |
| 0:27 | Build | Palisade Wall |
| 0:46 | Build | House |
| 0:49 | Build | House |
| 0:55 | Build | House |
| 1:05 | Build | House |
| 3:19 | Create | Villager (Male) |
| 3:52 | Build | Mill |
| 3:58 | Create | Villager (Male) |
| 4:21 | Create | Villager (Male) |
| 4:53 | Create | Villager (Male) |
| 5:03 | Create | Villager (Male) |
| 5:31 | Create | Villager (Male) |
| 5:41 | Create | Villager (Male) |
| 6:08 | Create | Villager (Male) |
| 6:14 | Create | Villager (Male) |
| 6:50 | Build | Lumber Camp |
| 6:53 | Create | Villager (Male) |
| 6:53 | Create | Villager (Male) |
| 7:32 | Create | Villager (Male) |
| 8:08 | Build | Mill |
| 8:13 | Create | Villager (Male) |
| 9:40 | Build | Lumber Camp |
| 10:07 | Research | Feudal Age |
| 10:34 | Build | House |
| 10:37 | Build | House |
| 10:40 | Build | House |
| 10:54 | Build | House |
| 12:07 | Build | Mining Camp |
| 12:12 | Create | Villager (Male) ×9 |
| 12:31 | Create | Villager (Male) |
| 12:33 | Research | Town Watch |
| 12:48 | Build | Gate |
| 13:04 | Build | Stone Wall |
| 13:19 | Build | Stone Wall |
| 13:29 | Research | Double-Bit Axe |
| 13:58 | Research | Gold Mining |
| 14:55 | Research | Stone Mining |
| 15:49 | Build | Watch Tower |
| 15:56 | Research | Horse Collar |
| 16:20 | Build | Barracks |
| 16:48 | Research | Wheelbarrow |
| 17:08 | Build | Farm |
| 17:08 | Build | Farm |
| 17:08 | Build | Farm |
| 17:08 | Build | Farm |
| 17:08 | Build | Farm |
| 17:08 | Build | Farm |
| 17:08 | Build | Farm |
| 17:08 | Build | Farm |
| 17:08 | Build | Farm |
| 17:08 | Build | Farm |
| 17:08 | Build | Farm |
| 17:08 | Build | Farm |
| 17:08 | Build | Farm |
| 17:08 | Build | Farm |
| 17:08 | Build | Farm |
| 17:08 | Build | Farm |
| 17:08 | Build | Farm |
| 17:08 | Build | Farm |
| 17:08 | Build | Farm |
| 17:08 | Build | Farm |
| 17:10 | Build | Outpost |
| 17:13 | Build | Farm |
| 17:13 | Build | Farm |
| 17:13 | Build | Farm |
| 17:13 | Build | Farm |
| 17:13 | Build | Farm |
| 17:13 | Build | Farm |
| 17:13 | Build | Farm |
| 17:13 | Build | Farm |
| 17:13 | Build | Farm |
| 17:13 | Build | Farm |
| 17:13 | Build | Farm |
| 17:13 | Build | Farm |
| 17:13 | Build | Farm |
| 17:13 | Build | Farm |
| 17:13 | Build | Farm |
| 17:14 | Build | Farm |
| 17:14 | Build | Farm |
| 17:14 | Build | Farm |
| 17:14 | Build | Farm |
| 17:14 | Build | Farm |
| 17:14 | Build | Farm |
| 17:14 | Build | Farm |
| 17:14 | Build | Farm |
| 17:14 | Build | Farm |
| 17:20 | Build | Farm |
| 17:21 | Build | Farm |
| 17:21 | Build | Farm |
| 17:21 | Build | Farm |
| 17:21 | Build | Farm |
| 17:21 | Build | Farm |
| 17:21 | Build | Farm |
| 17:21 | Build | Farm |
| 17:21 | Build | Farm |
| 17:21 | Build | Farm |
| 17:21 | Build | Farm |
| 17:21 | Build | Farm |
| 17:21 | Build | Farm |
| 17:21 | Build | Farm |
| 17:21 | Build | Farm |
| 17:21 | Build | Farm |
| 17:21 | Build | Farm |
| 17:21 | Build | Farm |
| 17:21 | Build | Farm |
| 17:22 | Build | Outpost |
| 17:36 | Build | Outpost |
| 17:53 | Build | Farm |
| 17:53 | Build | Farm |
| 17:53 | Build | Farm |
| 17:53 | Build | Farm |
| 17:53 | Build | Farm |
| 17:53 | Build | Farm |
| 17:53 | Build | Farm |
| 17:53 | Build | Farm |
| 17:53 | Build | Farm |
| 17:53 | Build | Farm |
| 17:53 | Build | Farm |
| 17:53 | Build | Farm |
| 17:53 | Build | Farm |
| 17:53 | Build | Farm |
| 17:53 | Build | Farm |
| 17:53 | Build | Farm |
| 17:53 | Build | Farm |
| 17:53 | Build | Farm |
| 17:53 | Build | Farm |
| 17:53 | Build | Farm |
| 17:53 | Build | Farm |
| 17:53 | Build | Farm |
| 17:53 | Build | Farm |
| 17:53 | Build | Farm |
| 18:24 | Build | Farm |
| 18:24 | Build | Farm |
| 18:24 | Build | Farm |
| 18:24 | Build | Farm |
| 18:24 | Build | Farm |
| 18:24 | Build | Farm |
| 18:24 | Build | Farm |
| 18:24 | Build | Farm |
| 18:24 | Build | Farm |
| 18:24 | Build | Farm |
| 18:24 | Build | Farm |
| 18:24 | Build | Farm |
| 18:24 | Build | Farm |
| 18:24 | Build | Farm |
| 18:24 | Build | Farm |
| 18:24 | Build | Farm |
Build order — Sandra
First 150 of 278 actions detected
| 0:14 | Build | House |
| 0:16 | Build | House |
| 0:17 | Build | House |
| 0:19 | Build | House |
| 0:20 | Build | House |
| 2:26 | Create | Villager (Male) |
| 2:33 | Create | Villager (Male) |
| 3:02 | Create | Villager (Male) |
| 3:31 | Create | Villager (Male) |
| 3:52 | Create | Villager (Male) |
| 4:00 | Create | Villager (Male) |
| 4:46 | Create | Villager (Male) |
| 5:17 | Create | Villager (Male) |
| 5:17 | Create | Villager (Male) |
| 5:29 | Create | Villager (Male) |
| 5:57 | Build | Mill |
| 6:02 | Create | Villager (Male) |
| 6:12 | Create | Villager (Male) |
| 7:10 | Create | Villager (Male) |
| 8:43 | Create | Villager (Male) |
| 8:44 | Create | Villager (Male) |
| 9:21 | Build | Mining Camp |
| 9:24 | Create | Villager (Male) |
| 9:24 | Create | Villager (Male) |
| 10:05 | Build | Mining Camp |
| 10:27 | Research | Feudal Age |
| 10:45 | Build | Lumber Camp |
| 11:38 | Build | Mill |
| 12:37 | Age | Feudal Age |
| 12:43 | Research | Wheelbarrow |
| 12:45 | Create | Villager (Male) |
| 12:45 | Create | Villager (Male) |
| 12:46 | Create | Villager (Male) |
| 12:46 | Create | Villager (Male) |
| 12:47 | Create | Villager (Male) |
| 13:54 | Build | Blacksmith |
| 16:45 | Build | Market |
| 17:53 | Research | Castle Age |
| 17:58 | Build | House |
| 17:59 | Build | House |
| 18:00 | Build | House |
| 18:02 | Build | House |
| 18:03 | Build | House |
| 18:05 | Build | House |
| 18:06 | Build | House |
| 18:08 | Build | House |
| 18:11 | Build | House |
| 18:13 | Build | House |
| 18:16 | Build | House |
| 19:52 | Build | Farm |
| 19:54 | Build | Farm |
| 19:56 | Build | Farm |
| 19:57 | Build | Farm |
| 20:04 | Build | Farm |
| 20:33 | Age | Castle Age |
| 21:18 | Build | Monastery |
| 21:24 | Create | Villager (Male) |
| 21:25 | Create | Villager (Male) |
| 21:25 | Create | Villager (Male) |
| 21:26 | Create | Villager (Male) |
| 21:26 | Create | Villager (Male) |
| 21:39 | Build | Town Center |
| 21:53 | Build | Town Center |
| 22:27 | Create | Monk |
| 22:50 | Build | Farm |
| 22:51 | Build | Farm |
| 23:32 | Build | Farm |
| 23:39 | Build | Farm |
| 23:55 | Create | Villager (Male) |
| 23:55 | Create | Villager (Male) |
| 23:55 | Create | Villager (Male) |
| 23:56 | Create | Villager (Male) |
| 23:56 | Create | Villager (Male) |
| 23:56 | Create | Villager (Male) |
| 23:58 | Create | Villager (Male) |
| 24:00 | Create | Villager (Male) |
| 24:03 | Create | Villager (Male) |
| 24:20 | Build | Castle |
| 24:50 | Build | Farm |
| 24:52 | Build | Farm |
| 24:57 | Create | Villager (Male) |
| 24:57 | Create | Villager (Male) |
| 24:58 | Create | Villager (Male) |
| 25:03 | Build | Farm |
| 25:05 | Build | Farm |
| 25:15 | Build | Farm |
| 25:20 | Build | Farm |
| 25:40 | Build | Farm |
| 25:45 | Build | Farm |
| 25:47 | Create | Villager (Male) |
| 25:48 | Create | Villager (Male) |
| 25:48 | Create | Villager (Male) |
| 26:18 | Build | Farm |
| 26:23 | Build | Farm |
| 26:25 | Create | Villager (Male) |
| 26:25 | Create | Villager (Male) |
| 26:26 | Create | Villager (Male) |
| 26:47 | Create | Villager (Male) |
| 26:47 | Create | Villager (Male) |
| 26:47 | Create | Villager (Male) |
| 26:54 | Build | Farm |
| 26:57 | Build | Farm |
| 27:30 | Build | Farm |
| 27:34 | Build | Farm |
| 27:41 | Create | Villager (Male) |
| 27:41 | Create | Villager (Male) |
| 27:41 | Create | Villager (Male) |
| 27:42 | Create | Villager (Male) |
| 27:43 | Create | Villager (Male) |
| 27:43 | Create | Villager (Male) |
| 27:52 | Create | Villager (Male) |
| 27:53 | Create | Villager (Male) |
| 27:53 | Create | Villager (Male) |
| 28:11 | Build | Farm |
| 28:16 | Build | Farm |
| 28:36 | Build | Farm |
| 28:40 | Build | Farm |
| 28:45 | Create | Villager (Male) |
| 28:45 | Create | Villager (Male) |
| 28:45 | Create | Villager (Male) |
| 28:47 | Create | Villager (Male) |
| 28:47 | Create | Villager (Male) |
| 28:47 | Create | Villager (Male) |
| 28:49 | Create | Villager (Male) |
| 28:49 | Create | Villager (Male) |
| 28:50 | Create | Villager (Male) |
| 29:04 | Build | Farm |
| 29:08 | Build | Farm |
| 29:24 | Create | Villager (Male) |
| 29:24 | Create | Villager (Male) |
| 29:24 | Create | Villager (Male) |
| 29:37 | Build | Farm |
| 29:42 | Build | Farm |
| 30:29 | Build | Mining Camp |
| 30:52 | Research | Imperial Age |
| 31:02 | Build | Castle |
| 31:11 | Research | Padded Archer Armor |
| 31:12 | Research | Fletching |
| 31:51 | Create | Villager (Male) |
| 31:52 | Create | Villager (Male) |
| 31:52 | Create | Villager (Male) |
| 32:00 | Create | Villager (Male) |
| 33:06 | Research | Caravan |
| 33:14 | Create | Trade Cart |
| 33:15 | Create | Trade Cart |
| 33:15 | Create | Trade Cart |
| 33:16 | Create | Trade Cart |
| 33:17 | Create | Trade Cart |
| 33:40 | Build | University |
| 33:58 | Build | Lumber Camp |
Match timeline
| 0:27 | WashedJuggler66 · wall_segment Palisade Wall x20 |
| 1:04 | Don dada · wall_segment Palisade Wall x2 |
| 1:10 | Wilchester · wall_segment Palisade Wall x30 |
| 1:13 | Mr:YOX · wall_segment Palisade Wall x14 |
| 1:16 | Don dada · wall_segment Palisade Wall x10 |
| 2:52 | Wilchester · wall_segment Palisade Wall x12 |
| 3:36 | Wilchester · wall_segment Palisade Wall x3 |
| 5:53 | non-offensive-name · first_building Dock |
| 7:11 | Malakay · first_building Dock |
| 10:48 | Don dada · first_building Barracks |
| 11:06 | chrisdalton2 · age_up feudal |
| 12:26 | Mr:YOX · age_up feudal |
| 12:37 | Sandra · age_up feudal |
| 13:04 | WashedJuggler66 · wall_segment Stone Wall x11 |
| 13:15 | Malakay · wall_segment Palisade Wall x16 |
| 13:19 | WashedJuggler66 · wall_segment Stone Wall x16 |
| 13:28 | Wilchester · first_building Barracks |
| 13:29 | Mr:YOX · wall_segment Stone Wall x6 |
| 13:35 | Mr:YOX · wall_segment Stone Wall x6 |
| 14:39 | Malakay · age_up feudal |
| 15:16 | Don dada · age_up feudal |
| 15:57 | Malakay · wall_segment Stone Wall x16 |
| 16:12 | Wilchester · age_up feudal |
| 16:20 | WashedJuggler66 · first_building Barracks |
| 19:11 | Malakay · first_building Barracks |
| 19:15 | WashedJuggler66 · first_building Archery Range |
| 19:44 | WashedJuggler66 · first_building Stable |
| 20:33 | Sandra · age_up castle |
| 20:42 | chrisdalton2 · first_building Barracks |
| 20:47 | Don dada · first_building Archery Range |
| 21:18 | Sandra · first_building Monastery |
| 21:38 | Mr:YOX · age_up castle |
| 21:41 | non-offensive-name · first_building Barracks |
| 21:57 | Don dada · wall_segment Stone Wall x11 |
| 22:07 | non-offensive-name · wall_segment Palisade Wall x14 |
| 22:29 | Mr:YOX · wall_segment Stone Wall x13 |
| 22:54 | non-offensive-name · age_up feudal |
| 22:58 | Malakay · first_market_buy 100 food |
| 23:18 | chrisdalton2 · age_up castle |
| 23:44 | non-offensive-name · first_building Archery Range |
| 23:51 | Don dada · wall_segment Stone Wall x18 |
| 24:06 | chrisdalton2 · first_building Archery Range |
| 24:20 | Sandra · first_building Castle |
| 24:22 | non-offensive-name · wall_segment Stone Wall x5 |
| 24:24 | non-offensive-name · wall_segment Stone Wall x8 |
| 24:40 | Don dada · wall_segment Stone Wall x3 |
| 25:16 | Don dada · wall_segment Stone Wall x3 |
| 25:17 | chrisdalton2 · first_market_sell 100 food |
| 25:19 | chrisdalton2 · first_market_buy 100 wood |
| 26:02 | Don dada · wall_segment Stone Wall x3 |
| 26:38 | Malakay · age_up castle |
| 27:10 | Don dada · first_building Stable |
| 27:39 | Malakay · first_building Castle |
| 28:02 | Mr:YOX · first_building Castle |
| 28:08 | Malakay · first_market_sell 100 food |
| 28:13 | Don dada · age_up castle |
| 28:19 | Don dada · first_building Castle |
| 28:39 | Wilchester · wall_segment Stone Wall x18 |
| 28:46 | non-offensive-name · first_building Stable |
| 29:07 | Mr:YOX · first_building Barracks |
| 29:17 | WashedJuggler66 · first_building Castle |
| 29:47 | WashedJuggler66 · wall_segment Stone Wall x14 |
| 31:20 | Mr:YOX · first_building Siege Workshop |
| 32:52 | chrisdalton2 · first_building Monastery |
| 32:53 | Malakay · wall_segment Stone Wall x13 |
| 33:00 | Malakay · wall_segment Stone Wall x14 |
| 33:28 | Mr:YOX · first_building Archery Range |
| 33:52 | chrisdalton2 · first_building Castle |
| 33:58 | Don dada · first_market_sell 100 wood |
| 34:02 | Sandra · age_up imperial |
| 35:36 | Sandra · first_building Siege Workshop |
| 35:56 | Don dada · first_building Monastery |
| 36:46 | WashedJuggler66 · first_building Siege Workshop |
| 36:47 | Malakay · age_up imperial |
| 37:00 | Malakay · wall_segment Stone Wall x15 |
| 37:14 | Mr:YOX · age_up imperial |
| 37:36 | non-offensive-name · wall_segment Stone Wall x3 |
| 37:38 | non-offensive-name · wall_segment Stone Wall x1 |
| 38:23 | Sandra · first_market_sell 100 food |
| 38:28 | Sandra · first_market_buy 100 wood |
| 38:40 | WashedJuggler66 · first_building Monastery |
| 39:09 | Malakay · wall_segment Stone Wall x10 |
| 39:36 | chrisdalton2 · age_up imperial |
| 39:44 | Sandra · first_building Barracks |
| 39:51 | Wilchester · first_market_buy 100 stone |
| 40:01 | Mr:YOX · first_building Monastery |
| 40:08 | non-offensive-name · wall_segment Stone Wall x6 |
| 40:10 | non-offensive-name · wall_segment Stone Wall x8 |
| 41:05 | Sandra · first_building Archery Range |
| 42:49 | Mr:YOX · first_market_sell 100 wood |
| 43:14 | Malakay · wall_segment Stone Wall x16 |
| 43:45 | Don dada · age_up imperial |
| 45:51 | Wilchester · age_up castle |
| 46:01 | Malakay · first_building Monastery |
| 46:36 | WashedJuggler66 · resign |
| 48:58 | non-offensive-name · wall_segment Stone Wall x20 |
| 49:49 | Malakay · first_building Siege Workshop |
| 51:49 | Malakay · wall_segment Stone Wall x15 |
| 51:51 | chrisdalton2 · wall_segment Stone Wall x31 |
| 51:57 | Malakay · wall_segment Stone Wall x1 |
| 54:39 | non-offensive-name · wall_segment Stone Wall x12 |
| 54:53 | non-offensive-name · wall_segment Stone Wall x5 |
| 54:56 | non-offensive-name · wall_segment Stone Wall x5 |
| 55:00 | non-offensive-name · wall_segment Stone Wall x16 |
| 55:27 | non-offensive-name · age_up castle |
| 56:27 | non-offensive-name · first_building Castle |
| 60:06 | Wilchester · first_market_sell 100 wood |
| 61:06 | Don dada · first_market_buy 100 food |
[ AI ANALYSIS · 1 CREDIT ]
What really happened in this match?
Wolo.gg analyzes every decision: build order, eco, micro, common mistakes by bracket. Personalized analysis on WhatsApp or Discord in 30 seconds.
Civ guide
Ethiopians
Map guide
Black Forest
Perfil
Jugador #2682972